 Dungeon Crawl Stone Soup version 0.30-a0-879-ga8ba668304 (webtiles) character file.

Game seed: 5002043869340774365

1041 porpoise the Skirmisher (level 8, -1/50 HPs)
             Began as a Kobold Hunter on Mar 14, 2023.
             Slain by a killer bee (6 damage)
             ... on level 5 of the Dungeon.
             The game lasted 00:12:58 (5532 turns).

porpoise the Skirmisher (Kobold Hunter)             Turns: 5532, Time: 00:12:59

Health: -1/50      AC:  3    Str:  8    XL:     8   Next: 49%
Magic:  8/8        EV: 14    Int: 11    God:
Gold:   372        SH:  0    Dex: 20    Spells: 7/7 levels left

rFire   + . .      SeeInvis .    a - +0 shortbow
rCold   + . .      Faith    .    (shield currently unavailable)
rNeg    . . .      Spirit   .    c - +0 leather armour
rPois   +          Reflect  .    (no helmet)
rElec   +          Rampage  .    (no cloak)
rCorr   +                        (no gloves)
Will    .....                    (no boots)
Stlth   ++++                     (no amulet)
HPRegen 0.28/turn                (no ring)
MPRegen 0.11/turn                (no ring)

@: resistant, attractive
A: small, no large weapons, nightstalker 3
a: no special abilities


You were on level 5 of the Dungeon.
You visited 2 branches of the dungeon, and saw 6 of its levels.
You also visited: Ossuary.

You collected 372 gold pieces.

Inventory:

Hand Weapons
 a - a +0 shortbow (weapon)
Missiles
 k - 24 poisoned darts
 n - 2 boomerangs
Armour
 c - a +0 leather armour (worn)
 p - a +0 buckler
Wands
 f - a wand of roots (6)
 u - a wand of flame (10)
Scrolls
 b - 3 scrolls of immolation
 d - 9 scrolls of identify
 h - 3 scrolls of fear
 i - 2 scrolls of poison
 j - a scroll of butterflies
 s - 4 scrolls of teleportation
 t - a scroll of amnesia
 w - a scroll of vulnerability {unknown}
 y - 2 scrolls of blinking
 z - a scroll of torment {unknown}
 A - a scroll of brand weapon {unknown}
 B - a scroll of fog
Potions
 g - 4 potions of resistance
 m - 2 potions of attraction
 o - 2 potions of invisibility
 q - a potion of flight {unknown}
 r - a potion of lignification {unknown}
 v - a potion of cancellation {unknown}
 x - a potion of might {unknown}
Miscellaneous
 e - a tin of tremorstones (2/2)


   Skills:
 + Level 5.5 Fighting
 * Level 10.2 Ranged Weapons
 - Level 2.4 Dodging
 + Level 6.6 Stealth


You had 7 spell levels left.
You didn't know any spells.
Your spell library contained the following spells:

 Spells                   Type           Power      Damage    Failure   Level
 Freeze                   Ice            0%         1d3       45%         1
 Scorch                   Fire           0%         2d5       61%         2
 Frozen Ramparts          Ice            0%         1d1       83%         3
 Hailstorm                Conj/Ice       0%         3d3       83%         3
 Inner Flame              Hex/Fire       0%         N/A       83%         3
 Flame Wave               Conj/Fire      0%         2d4       99%         4
 Sticky Flame             Conj/Fire      0%         2d3       99%         4
 Summon Cactus Giant      Summ           0%         N/A       100%        6


Dungeon Overview and Level Annotations

Branches:
Dungeon (5/15)             Temple (1/1) D:4         Ossuary (visited)

Altars:
Dithmenos
Elyvilon
Fedhas
Kikubaaqudgha
Makhleb
Nemelex Xobeh
Okawaru
Qazlal
Ru
Sif Muna
Trog
Vehumet
Xom
Zin

Annotations:
D:4 exclusion: upstairs


Innate Abilities, Weirdness & Mutations

You are small and have problems with some larger weapons.
You are completely attuned to the shadows.


Message History

Press: ? - help, Q - select action, (/) - cycle Shift-Dir - straight line, f/p - killer bee
Aim: a killer bee (lightly wounded, wandering, unable to see you, hasn't noticed you, 47% to hit)
You shoot an arrow.
The arrow closely misses the killer bee.
The arrow hits the killer bee.
The killer bee is moderately wounded.
You flicker back into view.
The killer bee stings you. The phantom hits you.
The killer bee stings you but does no damage.
Fire: a) +0 shortbow
Press: ? - help, Q - select action, (/) - cycle Shift-Dir - straight line, f/p - killer bee
Aim: a killer bee (lightly wounded, 47% to hit)
You shoot an arrow. The killer bee buzzes angrily.
The arrow hits the killer bee!
You kill the killer bee!
The phantom misses you.
The killer bee stings you but does no damage.
Fire: a) +0 shortbow
Press: ? - help, Q - select action, (/) - cycle Shift-Dir - straight line, f/p - killer bee
Aim: a killer bee (lightly wounded, 47% to hit)
You shoot an arrow. The arrow barely misses the killer bee.
The arrow closely misses the killer bee.
The killer bee stings you.
* * * LOW HITPOINT WARNING * * *
The phantom hits you.
* * * LOW HITPOINT WARNING * * *
The phantom blinks!
You blink.
The killer bee is attracted toward you. The phantom barely misses you.
The killer bee barely misses you. The killer bee is attracted toward you.
The killer bee attacks as you move away!
The killer bee stings you.
* * * LOW HITPOINT WARNING * * *
The phantom closely misses you. The killer bee completely misses you.
The killer bee barely misses you. The killer bee is attracted toward you.
There is a stone staircase leading up here.
The killer bee closely misses you. x2; The phantom hits you.
* * * LOW HITPOINT WARNING * * *
The killer bee stings you.
You die...

#.# #b#.###.#....# #.# #.##
#.#.###O.....# #.#
#..####b..##yy#....######.##
##^..####.##.##....##.......
###.# #.##§##..[...<...<..
#.# #.[.§......##.......
###### #.##
#)#y...######..)..(. .....#
#.)###.#yW..# #.......
.....# ##.))..#@y.># #.....
)....# #######....# ######
######


You could see a phantom and 3 killer bees.

Vanquished Creatures
  2 phantoms (D:5)
  A kobold brigand (D:5)
  An elf zombie (Ossuary)
  A scorpion (D:5)
  2 killer bees (D:5)
  4 centaur zombies (Ossuary)
  An orc priest (D:5)
  3 human zombies (Ossuary)
  Terence (D:3)
  An iguana (D:5)
  An orc wizard (D:5)
  3 hound zombies (Ossuary)
  3 mummies (Ossuary)
  9 adders
  2 adder zombies (Ossuary)
  6 worms
  6 dart slugs
  10 orcs
  4 endoplasms
  3 giant cockroaches
  10 goblins
  4 hobgoblins
  10 kobolds
  2 quokkas
  2 bats
  2 frilled lizards
  5 goblin zombies (Ossuary)
  A hobgoblin zombie (Ossuary)
  2 jackal zombies (Ossuary)
  7 kobold zombies (Ossuary)
  An orc zombie (Ossuary)
  2 quokka zombies
  2 rats
  4 rat zombies
118 creatures vanquished.

Notes
Turn   | Place    | Note
-------+----------+-------------------------------------------
     0 | D:1      | porpoise the Kobold Hunter began the quest for the Orb.
     0 | D:1      | Reached XP level 1. HP: 12/12 MP: 1/1
   150 | D:1      | Found a faded altar of an unknown god.
   269 | D:1      | Reached XP level 2. HP: 18/18 MP: 2/2
   888 | D:2      | Reached skill level 6 in Ranged Weapons
   888 | D:2      | Reached XP level 3. HP: 22/22 MP: 3/3
  1287 | D:2      | Found a burning altar of Makhleb.
  1288 | D:2      | Identified the +4 chain mail of the Villain {rF+}
  1373 | D:2      | Reached XP level 4. HP: 27/27 MP: 4/4
  2032 | D:3      | Found a faded altar of an unknown god.
  2038 | D:3      | Found a stormy altar of Qazlal.
  2236 | D:3      | Noticed Terence
  2240 | D:3      | Killed Terence
  2355 | D:3      | Reached XP level 5. HP: 19/32 MP: 5/5
  2389 | D:3      | Reached skill level 7 in Ranged Weapons
  2620 | D:3      | Found a shadowy altar of Dithmenos.
  3286 | D:4      | Found a blossoming altar of Fedhas.
  3307 | D:4      | Found a staircase to the Ecumenical Temple.
  3315 | Temple   | Entered the Ecumenical Temple
  3968 | D:5      | Entered Level 5 of the Dungeon
  4058 | D:5      | Reached XP level 6. HP: 32/38 MP: 6/6
  4113 | D:5      | Reached skill level 8 in Ranged Weapons
  4273 | D:5      | Reached XP level 7. HP: 18/43 MP: 7/7
  4436 | D:5      | Reached skill level 5 in Stealth
  4596 | D:5      | Found a sand-covered staircase.
  4602 | Ossuary  | Entered an ossuary
  4861 | Ossuary  | Reached skill level 9 in Ranged Weapons
  5089 | Ossuary  | Reached XP level 8. HP: 48/48 MP: 8/8
  5105 | Ossuary  | Reached skill level 5 in Fighting
  5433 | D:5      | Reached skill level 10 in Ranged Weapons
  5532 | D:5      | Slain by a killer bee

Illustrated notes

Levels and vault maps discovered:
D:1:      onia_arrival_mini_maze_b, layout_rooms, ebering_ecumenical_altar_webs,
          nicolae_concentric_dashed_squares_mild, minmay_box_of_dots
D:2:      layout_basic, basic_altar, minivault_27
D:3:      minmay_diamond_boxcup, layout_loops_ring,
          nicolae_overflow_ecumenical_swirl, mainiacjoe_overflow_tiny_flanked,
          cheibrodos_sewer_entry_bend, uniq_terence
D:4:      layout_loops_cross, fedhas_altar_4, minmay_temple_entry_mini_moons
D:5:      layout_rooms, enter_ossuary_4
Temple:   chequers_temple_sunken

Skill      XL: |  1  2  3  4  5  6  7  8 |
---------------+-------------------------+-----
Stealth        | 2 3 4 5 6 |  6.6
Ranged Weapons | 6 7 8 9 10 | 10.2
Fighting       | 3 4 5 |  5.5
Dodging        | |  2.4

Action                     |  1- 3 |  4- 6 |  7- 9 || total
---------------------------+-------+-------+-------++-------
  Melee: Unarmed           |       |       |     1 ||     1
   Fire: Shortbow          |    52 |   146 |   218 ||   416
    Use: Scroll            |     2 |     9 |       ||    11
         Potion            |       |     1 |     4 ||     5
 Armour: Leather armour    |     1 |    17 |    35 ||    53
  Dodge: Dodged            |    12 |    48 |   157 ||   217

Table legend: (Time is in decaauts)
 A = Elapsed time spent in this place.
 B = Non-inter-level travel time spent in this place.
 C = Inter-level travel time spent in this place.
 D = Time resting spent in this place.
 E = Time spent auto-exploring this place.
 F = Levels seen in this place.
 G = Mean time per level.
                   A        B        C        D        E       F      G
               +--------+--------+--------+--------+--------+-----+--------+
         Total |   5664 |   5403 |    261 |    563 |   3799 |   7 |  809.1 |
       Dungeon |   4641 |   4402 |    239 |    281 |   3486 |   5 |  928.2 |
        Temple |    312 |    290 |     22 |      0 |    264 |   1 |  312.0 |
       Ossuary |    710 |    710 |      0 |    282 |     48 |   1 |  710.0 |
               +--------+--------+--------+--------+--------+-----+--------+

Top non-repeatable levels by time:
     D:2: 1324 daAuts
     D:3: 1026 daAuts
     D:5: 882 daAuts
     D:4: 760 daAuts
 Ossuary: 710 daAuts
     D:1: 647 daAuts
  Temple: 312 daAuts
